 Dungeon Crawl Stone Soup version 0.30.0-3-ga4e48a9924 (webtiles) character file.

Game seed: 15285048739858943288

459 Mahakala the Cudgeller (level 7, -4/43 HPs)
             Began as a Gargoyle Fighter on May 7, 2023.
             Was an Initiate of Elyvilon.
             Slain by a black bear (6 damage)
             ... on level 4 of the Dungeon.
             The game lasted 00:15:03 (3865 turns).

Mahakala the Cudgeller (Gargoyle Fighter)           Turns: 3865, Time: 00:15:04

Health: -4/43      AC: 12    Str: 28    XL:     7   Next: 6%
Magic:  7/7        EV:  9    Int:  8    God:    Elyvilon [......]
Gold:   179        SH:  4    Dex:  9    Spells: 6/6 levels left

rFire   . . .        a - +0 flail
rCold   . . .        c - +0 buckler
rNeg    + . .        w - +0 scale mail
rPois   ∞            (no helmet)
rElec   +            n - +0 cloak
rCorr   .            (no gloves)
SInv    .            (no boots)
Will    +....        (no amulet) Stlth
                     l - +6 ring of strength
HPRegen 0.27/turn    u - ring of willpower
MPRegen 0.10/turn

%: no passive effects
@: about to teleport
A: sickness immunity, AC +4, negative energy resistance 1, electricity
resistance, torment resistance 1, petrification resistance
a: Renounce Religion


You were on level 4 of the Dungeon.
You worshipped Elyvilon.
Elyvilon was noncommittal.
You visited 2 branches of the dungeon, and saw 6 of its levels.

You collected 179 gold pieces.

Inventory:

Hand Weapons
 a - a +0 flail (weapon)
 b - a +0 sling
 y - the +4 scimitar of Tension {flame, Dex+3}
   (You found it on level 3 of the Dungeon)

   Dex:       It affects your dexterity (+3).
Missiles
 e - 4 boomerangs
 g - 34 stones
 k - 3 throwing nets {!f}
 v - 3 poisoned darts (quivered)
Armour
 c - a +0 buckler (worn)
 n - a +0 cloak (worn)
 w - a +0 scale mail (worn)
Jewellery
 l - a +6 ring of strength (left hand)
 r - a ring of protection from cold
 u - a ring of willpower (right hand)
Scrolls
 h - a scroll of enchant weapon {unknown}
 i - a scroll of fog {unknown}
 m - 2 scrolls of immolation {unknown}
 o - 2 scrolls of vulnerability {unknown}
 p - a scroll of teleportation {@r4}
 q - 2 scrolls of blinking {unknown}
 s - a scroll of magic mapping {unknown}
 B - a scroll of poison {unknown}
 C - a scroll of acquirement {unknown}
 D - a scroll of amnesia {unknown}
 F - a scroll of noise {unknown}
Potions
 d - a potion of might
 f - 3 potions of curing {@q1}
 j - 2 potions of resistance
 t - 2 potions of brilliance
 x - 2 potions of flight
 z - 2 potions of haste {unknown}
 A - a potion of lignification {unknown}
 E - a potion of berserk rage {unknown}


   Skills:
 + Level 4.0 Fighting
 * Level 6.1 Maces & Flails
 - Level 3.2 Armour
 - Level 5.0 Shields


You had 6 spell levels left.
You didn't know any spells.
Your spell library contained the following spells:

 Spells                   Type           Power      Damage    Failure   Level
 Blink                    Tloc           0%         N/A       86%         2
 Scorch                   Fire           0%         2d5       86%         2
 Inner Flame              Hex/Fire       0%         N/A       97%         3
 Vhi's Electric Charge    Tloc/Air       0%         N/A       97%         3
 Anguish                  Hex/Necr       0%         N/A       100%        4
 Cause Fear               Hex            0%         N/A       100%        4
 Dispel Undead            Necr           0%         3d6       100%        4
 Flame Wave               Conj/Fire      0%         2d4       100%        4
 Manifold Assault         Tloc           0%         N/A       100%        4
 Sticky Flame             Conj/Fire      0%         2d3       100%        4
 Arcjolt                  Conj/Air       0%         1d10      100%        5
 Death Channel            Necr           0%         N/A       100%        6
 Summon Cactus Giant      Summ           0%         N/A       100%        6
 Enfeeble                 Hex            0%         N/A       100%        7
 Storm Form               Tmut/Air       0%         N/A       100%        7
 Maxwell's Capacitive Co  Air            0%         ∞         100%        8
 Cigotuvi's Dreadful Rot  Necr/Pois/Air  Unusable   N/A       N/A         2

Dungeon Overview and Level Annotations

Branches:
Dungeon (5/15)             Temple (1/1) D:4

Altars:
Ashenzari
Cheibriados
Dithmenos
Elyvilon
Fedhas
Gozag
Hepliaklqana
Kikubaaqudgha
Makhleb
Nemelex Xobeh
Okawaru
Sif Muna
Trog
Uskayaw
Wu Jian
Xom

Annotations:
D:2 1 runed translucent door, Crazy Yiuf
D:3 2 transporters, komi's ghost, amateur HOWn
D:5 Eustachio


Innate Abilities, Weirdness & Mutations

You are immune to sickness and miasma.
Your stone body is resilient. (AC +4)
You are immune to poison.
You resist negative energy. (rN+)
You are resistant to electric shocks. (rElec)
You are resistant to unholy torment.
You are immune to petrification.


Message History

The black bear bites you!
The black bear claws you but does no damage. x2
The black bear bites you but does no damage.
The black bear closely misses you.
The black bear claws you but does no damage.
You barely miss the black bear.
The black bear is severely wounded.
The black bear bites you.
The black bear claws you but does no damage. x2
The black bear bites you. The black bear claws you.
You block the black bear's attack.
You closely miss the black bear.
The black bear is severely wounded.
The black bear bites you.
* * * LOW HITPOINT WARNING * * *
The black bear claws you but does no damage.
You block the black bear's attack.
You hit the black bear.
The black bear is almost dead.
The black bear bites you!
* * * LOW HITPOINT WARNING * * *
The black bear claws you.
* * * LOW HITPOINT WARNING * * *
The black bear claws you but does no damage.
You block the black bear's attack.
The black bear claws you but does no damage.
You block the black bear's attack.
Okay, then.
Okay, then.
Hit: a) +0 flail
Press: ? - help, Dir - move target, f - black bear
Aim: a black bear (almost dead, berserk, about 35% to evade your +0 flail)
Okay, then.
As you read the scroll of teleportation {@r4}, it crumbles to dust.
You feel strangely unstable. The black bear bites you!
* * * LOW HITPOINT WARNING * * *
The black bear claws you but does no damage. x2
The black bear attacks as you move away!
You block the black bear's attack. The black bear claws you.
You die...

###### ##....#### ##.........
######### ##########..####+##.
#.......####............##.8.## #
#.............h..........##...# #
#.......###...@...........##... #
#........##................##..
###......_.#.............#..[.''.
...........##...........###..##÷.
.####.........#........###..##...
...##.#####.#.<...##.......##...#
....#.####..##.......#.#..##.8.##
....#......###.#####.#.#)####)##.
_.....##........###.............#


You could see a black bear (berserk).

Vanquished Creatures
  A scorpion (D:5)
  A sleepcap (D:5)
  3 iguanas
  Natasha (thrice) (D:2)
  3 gnolls (D:3)
  7 adders
  4 worms
  4 dart slugs
  6 orcs
  7 bats
  8 endoplasms
  7 giant cockroaches
  11 goblins
  10 hobgoblins
  4 jackals (D:1)
  7 quokkas
  10 ball pythons
  4 frilled lizards
  6 kobolds
  4 rats
110 creatures vanquished.

Notes
Turn   | Place    | Note
-------+----------+-------------------------------------------
     0 | D:1      | Mahakala the Gargoyle Fighter began the quest for the Orb.
     0 | D:1      | Reached XP level 1. HP: 14/14 MP: 1/1
   202 | D:1      | Reached XP level 2. HP: 13/19 MP: 2/2
   352 | D:1      | Found a faded altar of an unknown god.
   401 | D:1      | Reached skill level 3 in Maces & Flails
   479 | D:1      | Reached XP level 3. HP: 22/23 MP: 3/3
  1107 | D:2      | Noticed Natasha
  1117 | D:2      | Killed Natasha
  1118 | D:2      | Reached XP level 4. HP: 14/28 MP: 4/4
  1383 | D:2      | Reached skill level 4 in Maces & Flails
  1386 | D:2      | Noticed Natasha
  1394 | D:2      | Killed Natasha
  1411 | D:2      | Reached XP level 5. HP: 32/32 MP: 5/5
  1627 | D:2      | Noticed Natasha
  1644 | D:2      | Killed Natasha
  1783 | D:2      | Found a runed translucent door.
  1784 | D:2      | Noticed Crazy Yiuf
  2015 | D:3      | Found a transporter.
  2019 | D:3      | Noticed komi's ghost (amateur HOWn)
  2151 | D:3      | Reached skill level 5 in Maces & Flails
  2309 | D:3      | Found a transporter.
  2319 | D:3      | Reached XP level 6. HP: 37/37 MP: 6/6
  2597 | D:3      | Reached skill level 5 in Shields
  2663 | D:3      | Identified the +4 scimitar of Tension {flame, Dex+3}
  2913 | D:4      | Found an opulent altar of Gozag.
  3351 | D:4      | Found a shimmering blue altar of Sif Muna.
  3412 | D:4      | Found a staircase to the Ecumenical Temple.
  3419 | Temple   | Entered the Ecumenical Temple
  3467 | Temple   | Became a worshipper of Elyvilon the Healer
  3695 | D:5      | Entered Level 5 of the Dungeon
  3775 | D:5      | Found a bloodstained altar of Trog.
  3798 | D:5      | Noticed Eustachio
  3832 | D:5      | Reached skill level 6 in Maces & Flails
  3832 | D:5      | Reached XP level 7. HP: 39/43 MP: 7/7
  3864 | D:4      | HP: 2/43 [black bear (7)]
  3865 | D:4      | Slain by a black bear

Illustrated notes

Levels and vault maps discovered:
D:1:      lightli_arrival_noodles, layout_basic,
          shapermc_ecumenical_altar_ellora, minmay_fountain_box
D:2:      layout_loops_ring, serial_aquarium, aquarium_bridge_straight
          [aquarium_subvault_bridge, aquarium_subvault_window,
          aquarium_subvault_bridge, aquarium_subvault_window],
          aquarium_bridge_straight [aquarium_subvault_bridge,
          aquarium_subvault_window, aquarium_subvault_bridge,
          aquarium_subvault_wall], aquarium_window_corner,
          aquarium_window_corridor_1, aquarium_window_1, aquarium_window_fake,
          aquarium_view_2f, aquarium_balcony_1a, uniq_natasha,
          uniq_crazy_yiuf_cottage
D:3:      kennysheep_six_static_rooms, layout_loops_ring,
          gammafunk_ghost_stat_death, nrook_campfire, grunt_decor_one_mirror,
          grunt_ministairs_10, minmay_circle_x
D:4:      layout_rooms, old_standard_altar, nicolae_gozag_seed_capital,
          minmay_temple_entry_arrows, grunt_decor_arrowhead,
          wad_floor_pattern_1, minmay_misc_feat_x, minmay_misc_feat_rows
D:5:      layout_cave_pools, mainiacjoe_overflow_brackets, uniq_eustachio
Temple:   cyrus_circular_temple

Skill      XL: |  1  2  3  4  5  6 |
---------------+-------------------+-----
Maces & Flails | 3 4 5 6 |  6.1
Shields        | 4 5 |  5.0
Fighting       | 4 |  4.0
Armour         | |  3.2

Action                     |  1- 3 |  4- 6 |  7- 9 || total
---------------------------+-------+-------+-------++-------
  Melee: Flail             |   130 |   241 |    16 ||   387
  Throw: Stone             |     2 |     3 |       ||     5
         Dart              |       |     4 |       ||     4
    Use: Scroll            |       |     5 |     1 ||     6
 Armour: Scale mail        |    57 |    95 |    25 ||   177
  Dodge: Dodged            |    74 |    85 |    13 ||   172
  Block: Buckler           |    27 |    41 |     8 ||    76
